 Dungeon Crawl Stone Soup version 0.24-a0-249-g2af7e83 (webtiles) character file.

Game seed: 4364922733563420080

2970 RoseArtemis the Basher (level 9, -5/82 HPs)
             Began as a Deep Dwarf Monk on Apr 13, 2019.
             Was a Believer of Makhleb.
             Slain by a six-headed hydra (6 damage)
             ... on level 8 of the Dungeon.
             The game lasted 00:24:34 (6675 turns).

RoseArtemis the Basher (Deep Dwarf Monk)            Turns: 6675, Time: 00:24:35

Health: -5/82      AC: 13    Str: 18    XL:     9   Next: 52%
Magic:  5/5        EV:  9    Int: 11    God:    Makhleb [**....]
Gold:   104        SH:  5    Dex: 15    Spells: 8/8 levels left

rFire    . . .     SeeInvis .   B - +0 dire flail
rCold    . . .     Gourm    .   (shield currently unavailable)
rNeg     . . .     Faith    .   v - +0 plate armour
rPois    +         Spirit   .   C - +0 helmet
rElec    .         Reflect  +   (no cloak)
rCorr    .         Harm     .   (no gloves)
MR       +....                  (no boots)
Stlth    ..........             t - +5 amulet of reflection
HPRegen  0.00/turn              m - +3 ring of evasion
MPRegen  0.09/turn              a - ring of poison resistance

@: non-regenerating, heavily drained
A: damage resistance, heal wounds, sense surroundings 2, no regeneration
a: Heal Wounds, Minor Destruction, Renounce Religion


You were on level 8 of the Dungeon.
You worshipped Makhleb.
Makhleb was pleased with you.
You were not hungry.

You visited 2 branches of the dungeon, and saw 9 of its levels.
You also visited: Sewer.

You collected 415 gold pieces.
You spent 311 gold pieces at shops.

Inventory:

Hand Weapons
 b - a +1 hunting sling
 B - a +0 dire flail (weapon)
Missiles
 q - 31 sling bullets
 u - 3 throwing nets (quivered)
Armour
 v - a +0 plate armour (worn)
 C - a +0 helmet (worn)
Jewellery
 a - a ring of poison resistance (right hand)
 m - a +3 ring of evasion (left hand)
 p - an uncursed ring of see invisible
 t - a +5 amulet of reflection (around neck)
Wands
 s - a wand of polymorph (5)
 y - a wand of paralysis (11)
 A - a wand of disintegration (19)
Scrolls
 d - 3 scrolls of teleportation
 e - 5 scrolls of remove curse
 j - 2 scrolls of enchant armour
 l - 3 scrolls of fog
 o - a scroll of magic mapping
 x - a scroll of identify
 z - a scroll of blinking
Potions
 f - 2 potions of resistance
 g - 3 potions of invisibility
 h - 2 potions of haste
 i - a potion of ambrosia
 k - a potion of flight
 n - a potion of agility
 w - a potion of cancellation
Comestibles
 c - 6 rations


   Skills:
 + Level 6.1(4.7) Fighting
 * Level 9.0(7.5) Maces & Flails
 + Level 6.3(4.9) Armour
 - Level 3.2(1.9) Dodging
 + Level 8.1(6.6) Stealth


You had 8 spell levels left.
You didn't know any spells.
Your spell library contained the following spells:

 Spells                   Type           Power        Failure   Level  Hunger
 Animate Skeleton         Necr           N/A          100%        1    ##.....
 Apportation              Tloc           #.....       100%        1    ##.....
 Confusing Touch          Hex            #.....       100%        1    ##.....
 Summon Small Mammal      Summ           #...         100%        1    ##.....


Dungeon Overview and Level Annotations

Branches:
Dungeon (8/15)             Temple (1/1) D:7
   Lair: D:8-11

Altars:
Ashenzari
Cheibriados
Dithmenos
Elyvilon
Fedhas
Gozag
Hepliaklqana
Kikubaaqudgha
Makhleb
Nemelex Xobeh
Okawaru
Qazlal
Ru
Sif Muna
Trog
Uskayaw
Vehumet
Wu Jian
Xom
Yredelemnul
Zin
The Shining One
Jiyva

Shops:
D:6 ?   D:7 *

Annotations:
D:3 1 runed translucent door, exclusion: downstairs, Lanoc's ghost, weakling DrGl
D:4 exclusion: downstairs
D:5 Ijyb


Innate Abilities, Weirdness & Mutations

You are resistant to damage.
You can heal yourself by infusing magical energy.
You passively map the area around you.
You do not regenerate.


Message History

* * * LOW HITPOINT WARNING * * *
The six-headed hydra bites you.
* * * LOW HITPOINT WARNING * * *
The six-headed hydra bites you but does no damage.
You sock the six-headed hydra! The orc hits you but does no damage.
The six-headed hydra bites you!
* * * LOW HITPOINT WARNING * * *
The six-headed hydra barely misses you.
You block the six-headed hydra's attack.
The six-headed hydra bites you!
* * * LOW HITPOINT WARNING * * *
The six-headed hydra bites you but does no damage. x2
Your plate armour prevents you from hitting the orc.
The six-headed hydra barely misses you. The six-headed hydra bites you.
* * * LOW HITPOINT WARNING * * *
The six-headed hydra bites you.
* * * LOW HITPOINT WARNING * * *
You block the six-headed hydra's attack.
The six-headed hydra bites you!
You die...

,
#......##......##..,,
, *
,#......#########* .
#..............## * *
* , ,
#......>........#, ,,
, , ,,
#...............# , ,
,+...............# ,
, , ,,
,#........O......# ,,
,,, #.......Do......#
,,, , ,
#....####@.###### * ,
,,,#....# *#### , * *
,, #..... , , , ,
,#...... , ,
,#.....D. , , ,
#...O....,,* , ,
#.....o...,* , ,* ,
#.......... ,, , , ,
, * * * , ,


You could see a six-headed hydra, an ogre and an orc.

Vanquished Creatures
  Pikel (D:5)
  Grinder (D:5)
  Eustachio (D:6)
  2 ice beasts
  A phantom (D:2)
  A sky beast (D:7)
  A black bear (D:7)
  A centaur (D:7)
  2 necrophages (D:7)
  2 ogres
  4 bullfrogs
  A scorpion (D:6)
  4 wights (D:7)
  A howler monkey (D:4)
  4 crimson imps
  A bullfrog zombie (D:7)
  A hound (D:4)
  3 iguanas
  A gnoll shaman (D:4)
  An orc wizard (D:6)
  Natasha (twice) (D:4)
  A worker ant (D:4)
  A hound zombie (D:7)
  A hound skeleton (D:4)
  A howler monkey zombie (D:5)
  9 gnolls
  16 adders
  2 shadow imps (D:7)
  An adder skeleton (D:7)
  2 adder zombies
  3 worms
  A dart slug (D:2)
  9 leopard geckos
  10 orcs
  5 ball pythons
  8 bats
  13 giant cockroaches
  5 goblins
  9 hobgoblins
  3 quokkas
  9 frilled lizards
  8 kobolds
  A leopard gecko skeleton (D:5)
  3 rats
157 creatures vanquished.

Notes
Turn   | Place    | Note
-------+----------+-------------------------------------------
     0 | D:1      | RoseArtemis the Deep Dwarf Monk began the quest for the
                  | Orb.
     0 | D:1      | Reached XP level 1. HP: 20/20 MP: 1/1
   316 | D:1      | Reached XP level 2. HP: 17/27 MP: 2/2
   949 | D:2      | Reached skill level 1 in Armour
  1078 | D:2      | Reached XP level 3. HP: 31/33 MP: 3/3
  1400 | D:2      | Noticed a phantom
  1488 | D:2      | Killed a phantom
  1488 | D:2      | Reached skill level 4 in Maces & Flails
  1488 | D:2      | Reached XP level 4. HP: 38/42 MP: 4/4
  1488 | D:2      | Reached XP level 5. HP: 44/49 MP: 5/5
  2097 | D:3      | Found a glowing golden altar of the Shining One.
  2412 | D:3      | Found a glowing drain.
  2457 | Sewer    | Entered a sewer
  2479 | Sewer    | Reached XP level 6. HP: 52/56 MP: 6/6
  2702 | Sewer    | Reached skill level 5 in Maces & Flails
  2972 | D:3      | Noticed an ice beast
  2998 | D:3      | Found a basalt altar of Yredelemnul.
  3001 | D:3      | Killed an ice beast
  3001 | D:3      | Reached XP level 7. HP: 19/64 MP: 7/7
  3198 | D:3      | Found a runed translucent door.
  3200 | D:3      | Noticed Lanoc's ghost (weakling DrGl)
  3415 | D:4      | Noticed Natasha
  3494 | D:4      | Reached skill level 5 in Stealth
  3597 | D:4      | Reached skill level 6 in Maces & Flails
  3827 | D:4      | Found an iron altar of Okawaru.
  4005 | D:4      | Killed Natasha
  4064 | D:5      | Entered Level 5 of the Dungeon
  4087 | D:5      | Found a blossoming altar of Fedhas.
  4114 | D:5      | Noticed Pikel
  4333 | D:5      | Noticed Ijyb
  4439 | D:4      | Noticed Natasha
  4451 | D:4      | Killed Natasha
  4451 | D:4      | Reached XP level 8. HP: 23/73 MP: 6/6
  4576 | D:5      | Noticed Grinder
  4602 | D:5      | Killed Grinder
  4602 | D:5      | Reached skill level 7 in Maces & Flails
  4671 | D:5      | Killed Pikel
  4671 | D:5      | Reached skill level 5 in Fighting
  4671 | D:5      | Reached skill level 5 in Armour
  4954 | D:6      | Noticed Eustachio
  5148 | D:6      | Reached skill level 8 in Maces & Flails
  5249 | D:6      | Gained mutation: You passively map the area around you.
                  | [Deep Dwarf growth]
  5249 | D:6      | Reached XP level 9. HP: 29/81 MP: 5/5
  5254 | D:6      | Found a shattered altar of Ashenzari.
  5260 | D:6      | Found a shimmering altar of Xom.
  5261 | D:6      | Found a hazy altar of Hepliaklqana.
  5263 | D:6      | Found a stormy altar of Qazlal.
  5264 | D:6      | Found a glowing silver altar of Zin.
  5266 | D:6      | Found a snail-covered altar of Cheibriados.
  5333 | D:6      | Found Suxaq's Magic Scroll Emporium.
  5344 | D:6      | Bought a scroll of remove curse for 39 gold pieces
  5344 | D:6      | Bought a scroll of identify for 26 gold pieces
  5344 | D:6      | Bought a scroll of identify for 26 gold pieces
  5344 | D:6      | Bought a scroll of blinking for 97 gold pieces
  5344 | D:6      | Bought a scroll of identify for 26 gold pieces
  5496 | D:6      | Killed Eustachio
  5721 | D:7      | Found a staircase to the Ecumenical Temple.
  5747 | Temple   | Entered the Ecumenical Temple
  5881 | Temple   | Became a worshipper of Makhleb the Destroyer
  5881 | Temple   | Reached * piety under Makhleb
  5881 | Temple   | Reached ** piety under Makhleb
  5950 | D:7      | Found Heapa's General Store.
  5953 | D:7      | Bought a scroll of magic mapping for 52 gold pieces
  5953 | D:7      | Bought a scroll of teleportation for 45 gold pieces
  6259 | D:7      | Found an ornate altar of the Wu Jian Council.
  6515 | D:7      | Reached skill level 9 in Maces & Flails
  6662 | D:8      | Noticed a six-headed hydra
  6675 | D:8      | HP: 1/82 [six-headed hydra (4)]
  6675 | D:8      | Slain by a six-headed hydra

Levels and vault maps discovered:
D:1:      minmay_arrival_four_loops, layout_basic,
          minmay_misc_feat_more_columns, minmay_misc_feat_hallway,
          serial_bayou_ford_a
D:2:      minmay_inner_zag, layout_basic, first_ration, minmay_tetromino_o2
D:3:      layout_loops_ring, lemuel_doored_altar, tso_metal_star,
          gup_sewer_entry_glass, ebering_ghost_sewer_d
D:4:      layout_basic, okawaru_ov_weapons_minmay, uniq_natasha
D:5:      layout_rooms, old_standard_altar, chequers_serial_rivers_room_b,
          uniq_ijyb, uniq_grinder, uniq_pikel
D:6:      layout_rooms, minitemple, serial_shops, shop, uniq_eustachio
D:7:      layout_loops_cross, overflow_temple_1_default,
          minmay_temple_entry_water_ring, serial_shops, shop
D:8:      layout_gridville, dpeg_oklobed_lair
Temple:   pf_slime_end_temple
Sewer:    sewer_frog_island_01

Skill      XL: |  1  2  3  4  5  6  7  8  9 |
---------------+----------------------------+-----
Armour         | 1 2 3 4 5 6 |  6.3
Fighting       | 3 4 5 6 |  6.1
Stealth        | 3 4 5 7 8 |  8.1
Maces & Flails | 4 5 6 8 9 |  9.0
Dodging        | |  3.2

Action                   |  1- 3 |  4- 6 |  7- 9 || total
-------------------------+-------+-------+-------++-------
Melee: Mace              |   153 |   198 |   571 ||   922
       Dire flail        |       |       |    50 ||    50
 Fire: Hunting sling     |    29 |    19 |    53 ||   101
 Abil: Heal Wounds       |     3 |     2 |    10 ||    15
  Use: Scroll            |     2 |     3 |    15 ||    20
       Potion            |       |       |     2 ||     2
 Stab: Sleeping          |     1 |       |       ||     1
  Eat: Chunk             |     2 |     5 |     8 ||    15
       Ration            |       |       |     2 ||     2
Armor: Chain mail        |   120 |   110 |    41 ||   271
       Robe              |     2 |       |       ||     2
       Plate armour      |       |       |   257 ||   257
Dodge: Dodged            |    84 |   129 |   261 ||   474
Block: Other             |       |       |    48 ||    48

Table legend:
 A = Non-vault XP
 B = Vault XP
 C = Vault XP percentage of total XP
 D = Non-vault monster count
 E = Vault monster count
 F = Vault count percentage of total count
                 A         B        C        D         E       F
            +---------+---------+-------+---------+---------+-------
      Total |    2800 |    1444 |  34.0 |     125 |      32 |  20.4
            +---------+---------+-------+---------+---------+-------
        D:1 |      26 |       0 |   0.0 |      17 |       0 |   0.0
        D:2 |     212 |      34 |  13.8 |      20 |       5 |  20.0
        D:3 |     225 |      19 |   7.8 |      15 |       4 |  21.1
        D:4 |     529 |      35 |   6.2 |      29 |       1 |   3.3
        D:5 |     284 |     901 |  76.0 |      13 |       2 |  13.3
        D:6 |     318 |     196 |  38.1 |      12 |       1 |   7.7
        D:7 |    1206 |       0 |   0.0 |      19 |       0 |   0.0
      Sewer |       0 |     259 | 100.0 |       0 |      19 | 100.0
            +---------+---------+-------+---------+---------+-------
